 Dungeon Crawl Stone Soup version 0.32-a0-119-g2e8054a333 (webtiles) character file.

Game seed: 15841618907556835748

1162 senseless the Shooter (level 8, -4/41 HPs)
             Began as a Deep Elf Hexslinger on Feb 7, 2024.
             Was a Believer of Hepliaklqana.
             Slain by a two-headed ogre
             ... wielding a +0 giant club
              (18 damage)
             ... on level 6 of the Dungeon.
             The game lasted 00:12:46 (4344 turns).

senseless the Shooter (Deep Elf Hexslinger)         Turns: 4344, Time: 00:12:48

Health: -4/41      AC: 15    Str:  5    XL:     8   Next: 17%
Magic:  16/16      EV:  8    Int: 19    God:    Hepliaklqana [**....]
Gold:   269        SH:  0    Dex: 24    Spells: 13/15 levels left

rFire   . . .        y - +1 sling "Teqododd" {drain, rPois rN+ Dex+5}
rCold   + . .        (no shield)
rNeg    + . .        e - +7 Kryia's mail coat {PotionHeal*2 rC+}
rPois   +            s - +1 helmet
rElec   .            (no cloak)
rCorr   .            (no gloves)
SInv    .            (no boots)
Will    .....        (no amulet)
Stlth   +            (no ring)
HPRegen 0.26/turn    (no ring)
MPRegen 0.15/turn

%: no passive effects
@: no status effects
A: reduced essence
a: Renounce Religion, Recall Ancestor, Ancestor Identity


You were on level 6 of the Dungeon.
You worshipped Hepliaklqana.
Hepliaklqana was pleased with you.
You visited 1 branch of the dungeon, and saw 6 of its levels.

You collected 269 gold pieces.

Inventory:

Hand Weapons
 a - a +2 sling
 g - a +1 spear of venom
 m - a +0 orcbow
 y - the +1 sling "Teqododd" (weapon) {drain, rPois rN+ Dex+5}
   (You found it on level 3 of the Dungeon)

   Dex+5:     It affects your dexterity (+5).
   rPois:     It protects you from poison rN+: It protects you from negative
   energy.
Armour
 c - a +0 robe
 e - the +7 Kryia's mail coat (worn) {PotionHeal*2 rC+}
   (You acquired it on level 5 of the Dungeon)

   PotionHeal*2: Potions heal its wearer twice as much.
   rC+:       It protects you from cold.
 q - a +0 leather armour
 s - a +1 helmet (worn)
 z - a +0 buckler
Wands
 t - a wand of polymorph (3)
Scrolls
 b - 3 scrolls of poison
 d - 3 scrolls of fog
 f - a scroll of torment {unknown}
 h - 2 scrolls of fear
 j - 2 scrolls of blinking {unknown}
 k - a scroll of immolation {unknown}
 l - a scroll of teleportation
 n - a scroll of butterflies {unknown}
 u - 3 scrolls of identify
Potions
 i - a potion of curing
 p - 2 potions of enlightenment
 r - a potion of resistance {unknown}
 v - a potion of haste {unknown}


   Skills:
 * Level 3.3 Fighting
 * Level 6.1 Ranged Weapons
 * Level 2.4 Armour
 * Level 5.8 Dodging
 + Level 4.1 Spellcasting
 + Level 5.7 Hexes
 + Level 3.2 Fire Magic


You had 13 spell levels left.
You knew the following spells:

 Your Spells              Type           Power      Damage    Failure   Level
a - Jinxbite              Hex            50%        N/A       38%         2

Your spell library contained the following spells:

 Spells                   Type           Power      Damage    Failure   Level
 Sigil of Binding         Hex            25%        N/A       63%         3
 Inner Flame              Hex/Fire       21%        N/A       80%         3
 Cause Fear               Hex            12%        N/A       95%         4
 Shock                    Conj/Air       12%        1d3       96%         1
 Swiftness                Air            3%         N/A       100%        3
 Airstrike                Air            1%         2d(1-17)  100%        4
 Dimensional Bullseye     Hex/Tloc       7%         N/A       100%        4


Dungeon Overview and Level Annotations

Branches:
Dungeon (6/15)
 Temple: D:4-7

Altars:
Cheibriados
Dithmenos
Fedhas
Hepliaklqana
Okawaru
Ru
Vehumet
Xom
Zin
The Shining One

Shops:
D:3 (

Annotations:
D:6 3 runed translucent doors, bmj180's ghost, novice HuCj


Message History

There is an open door here.
There is an open door here.
The orc shouts!
You hear a howl!
Found a runed translucent gate.
The orc priest shouts!
The orc warrior shouts!
The orc shouts!
The orc shouts!
Bmj180's ghost says, "I have plenty of time to study, now."
The orc shouts!
j - 2 scrolls labelled MUKKIV PYUV (gained 1)
A two-headed ogre comes into view. It is wielding two +0 giant clubs.
You swap places.
Servius hits the two-headed ogre with a +0 flail.
The two-headed ogre barely misses you.
The two-headed ogre hits you with a +0 giant club!
Servius hits the two-headed ogre with a +0 flail!
You shoot a sling bullet.
The sling bullet hits the two-headed ogre.
The two-headed ogre is heavily wounded.
The two-headed ogre hits you with a +0 giant club.
The two-headed ogre hits you with a +0 giant club!
Servius hits the two-headed ogre with a +0 flail.
You are too injured to fight recklessly!
You are too injured to fight recklessly!
Unknown command.
You are too injured to fight recklessly!
You are too injured to fight recklessly!
The two-headed ogre hits Servius with a +0 giant club!
Servius blocks the two-headed ogre's attack.
Servius hits the two-headed ogre with a +0 flail.
You shoot a sling bullet.
The sling bullet hits the two-headed ogre but does no damage.
The two-headed ogre is heavily wounded.
You shoot a sling bullet.
The sling bullet hits the two-headed ogre but does no damage.
You drain the two-headed ogre.
The two-headed ogre is severely wounded.
The two-headed ogre hits you with a +0 giant club!!
You die...
Hepliaklqana delivers you to your ancestors.

.............#..........<.....#
######.###########.##.#########
### #....### #..#........ ..#
####...# #..####.... ..#
#..#.###..#..#...
..######.##..##..#..#.##
.................#....
.ß.............ß.##.#
+######+++######@OR.#


.#o.ooooooooooo###### .#.h..#####ooo.# .#.###.h...###.# .#.#ß#..ß..#ß#.#
.#.............# .# .#### ....# You could see the friendly Servius the knight
and a two-headed ogre (drained, ally target).

Vanquished Creatures
  A steam dragon (D:6)
  Edmund (D:5)
  A phantom (D:5)
  A scorpion (D:3)
  3 wights (D:5)
  5 killer bees (D:6)
  2 hounds
  Terence (D:3)
  Robin (D:3)
  4 adders
  2 dart slugs (D:1)
  3 ribbon worms
  4 orcs (D:5)
  5 bats
  6 endoplasms
  2 giant cockroaches
  13 goblins
  10 hobgoblins
  7 kobolds
  5 quokkas
  3 ball pythons
  3 frilled lizards (D:1)
  9 rats
92 creatures vanquished.

Vanquished Creatures (collateral kills)
  A centaur (D:6)
  A killer bee (D:6)
  2 hounds (D:6)
  A bombardier beetle (D:5)
5 creatures vanquished.

Vanquished Creatures (others)
  A knight (D:6)
  2 ancestors (D:5)
3 creatures vanquished.

Grand Total: 100 creatures vanquished

Notes
Turn   | Place    | Note
-------+----------+-------------------------------------------
     0 | D:1      | senseless the Deep Elf Hexslinger began the quest for the
                  | Orb.
     0 | D:1      | Reached XP level 1. HP: 11/11 MP: 5/5
   104 | D:1      | Reached skill level 1 in Fighting
   180 | D:1      | Reached skill level 3 in Ranged Weapons
   180 | D:1      | Reached XP level 2. HP: 16/16 MP: 6/6
   218 | D:1      | Learned a level 2 spell: Jinxbite
   388 | D:1      | Reached XP level 3. HP: 20/20 MP: 5/8
   644 | D:1      | Found a faded altar of an unknown god.
  1806 | D:3      | Found a hazy altar of Hepliaklqana.
  1827 | D:3      | Became a worshipper of Hepliaklqana the Forgotten
  1868 | D:3      | Noticed a scorpion
  1874 | D:3      | Killed a scorpion
  1875 | D:3      | Reached XP level 4. HP: 18/26 MP: 6/9
  1922 | D:3      | Noticed Robin
  1937 | D:3      | Killed Robin
  1938 | D:3      | Reached XP level 5. HP: 27/30 MP: 7/10
  1993 | D:3      | Reached skill level 4 in Ranged Weapons
  2041 | D:3      | Noticed Terence
  2049 | D:3      | Killed Terence
  2091 | D:3      | You fall into a shaft and drop 1 floor!
  2218 | D:3      | Found Urphus's Antique Weapon Emporium.
  2225 | D:3      | Identified the +1 sling "Teqododd" {drain, rPois rN+ Dex+5}
  2436 | D:4      | Reached * piety under Hepliaklqana
  2835 | D:5      | Entered Level 5 of the Dungeon
  2885 | D:5      | Identified a scroll of acquirement
  2885 | D:5      | Acquired the +7 Kryia's mail coat {PotionHeal*2 rC+}
  2885 | D:5      | Found the +7 Kryia's mail coat {PotionHeal*2 rC+}
  3203 | D:5      | Found a shadowy altar of Dithmenos.
  3206 | D:5      | Found a glowing silver altar of Zin.
  3209 | D:5      | Found a snail-covered altar of Cheibriados.
  3210 | D:5      | Found a glowing golden altar of the Shining One.
  3210 | D:5      | Found an iron altar of Okawaru.
  3210 | D:5      | Found a sacrificial altar of Ru.
  3213 | D:5      | Found a blossoming altar of Fedhas.
  3214 | D:5      | Found a radiant altar of Vehumet.
  3215 | D:5      | Found a shimmering altar of Xom.
  3266 | D:5      | Noticed a phantom
  3279 | D:5      | Noticed Edmund
  3281 | D:5      | Killed a phantom
  3282 | D:5      | Reached XP level 6. HP: 16/31 MP: 12/12
  3294 | D:5      | HP: 1/30 [Edmund/+2 dire flail of protection (4)]
  3295 | D:5      | Reached skill level 5 in Hexes
  3301 | D:5      | HP: 1/31 [Edmund/+2 dire flail of protection (5)]
  3304 | D:5      | Killed Edmund
  3305 | D:5      | Reached skill level 1 in Armour
  3306 | D:5      | Reached skill level 5 in Ranged Weapons
  3414 | D:5      | Reached XP level 7. HP: 36/36 MP: 14/14
  3596 | D:5      | Reached ** piety under Hepliaklqana
  3663 | D:5      | Remembered your ancestor Servius as a knight
  3838 | D:6      | Noticed a steam dragon
  3839 | D:6      | Reached skill level 5 in Dodging
  3847 | D:6      | Killed a steam dragon
  3951 | D:6      | Reached XP level 8. HP: 8/41 MP: 14/16
  4100 | D:6      | Reached skill level 6 in Ranged Weapons
  4314 | D:6      | Noticed bmj180's ghost (novice HuCj)
  4315 | D:6      | Found a runed translucent gate.
  4316 | D:6      | Found a runed translucent gate.
  4316 | D:6      | Identified the +9 plate armour of Sif Muna's Esteem {Harm
                  | Rampage rF- Stlth-}
  4317 | D:6      | Found a runed translucent gate.
  4337 | D:6      | Noticed a two-headed ogre
  4344 | D:6      | Slain by a two-headed ogre

Illustrated notes

Levels and vault maps discovered:
D:1:      evilmike_arrival_crescent, layout_loops_ring,
          shapermc_ecumenical_altar_venn
D:2:      layout_loops_ring, kennysheep_cross_bottleneck, nrook_mini_backslash
D:3:      layout_rooms, mainiacjoe_overflow_brackets, serial_shops, shop,
          item_on_display_a, uniq_robin, uniq_terence
D:4:      layout_cave_pools
D:5:      layout_loops_corners, minitemple, uniq_edmund
D:6:      layout_basic, biasface_ghost_orc_armoury, uniq_maggie

Skill      XL: |  1  2  3  4  5  6  7  8 |
---------------+-------------------------+-----
Fighting       | 1 2 3 |  3.3
Ranged Weapons | 3 4 5 6 |  6.1
Spellcasting   | 2 3 4 |  4.1
Dodging        | 3 4 5 |  5.8
Fire Magic     | 2 3 |  3.2
Hexes          | 5 |  5.7
Armour         | 1 2 |  2.4

Action                     |  1- 3 |  4- 6 |  7- 9 || total
---------------------------+-------+-------+-------++-------
   Fire: Sling             |    91 |   102 |    64 ||   257
   Cast: Jinxbite          |    25 |    10 |       ||    35
 Invoke: Recall Ancestor   |       |     1 |       ||     1
         Ancestor Life: Kn |       |       |     1 ||     1
    Use: Scroll            |       |    12 |       ||    12
         Potion            |       |     2 |     2 ||     4
 Armour: Robe              |    20 |     9 |       ||    29
         Scale mail        |       |    35 |    70 ||   105
  Dodge: Dodged            |    34 |    37 |    29 ||   100

Table legend: (Time is in decaauts)
 A = Elapsed time spent in this place.
 B = Non-inter-level travel time spent in this place.
 C = Inter-level travel time spent in this place.
 D = Time resting spent in this place.
 E = Time spent auto-exploring this place.
 F = Levels seen in this place.
 G = Mean time per level.
                   A        B        C        D        E       F      G
               +--------+--------+--------+--------+--------+-----+--------+
         Total |   4446 |   4286 |    160 |      0 |   3598 |   6 |  741.0 |
       Dungeon |   4446 |   4286 |    160 |      0 |   3598 |   6 |  741.0 |
               +--------+--------+--------+--------+--------+-----+--------+

Top non-repeatable levels by time:
     D:1: 1018 daAuts
     D:5: 980 daAuts
     D:2: 801 daAuts
     D:6: 575 daAuts
     D:3: 538 daAuts
     D:4: 533 daAuts
